 Dungeon Crawl Stone Soup version 0.29.1-2-gbd0b4ee654 (webtiles) character file.

Game seed: 16686341008703207841

1424 Ihaveafatcat the Cleaver (level 8, -11/71 HPs)
             Began as a Minotaur Fighter on Nov 22, 2022.
             Was a Believer of Vehumet.
             Shot with a bolt by an orc warrior (21 damage)
             ... on level 6 of the Dungeon.
             The game lasted 00:07:34 (5636 turns).

Ihaveafatcat the Cleaver (Minotaur Fighter)         Turns: 5636, Time: 00:07:35

Health: -11/71     AC:  7    Str: 22    XL:     8   Next: 44%
Magic:  7/7        EV: 10    Int:  5    God:    Vehumet [**....]
Gold:   312        SH:  6    Dex: 17    Spells: 7/7 levels left

rFire   . . .      SeeInvis .   a - +0 war axe
rCold   . . .      Faith    .   c - +0 buckler
rNeg    . . .      Spirit   .   b - +0 scale mail
rPois   +          Reflect  .   (helmet restricted)
rElec   .          Harm     .   (no cloak)
rCorr   .          Rampage  .   (no gloves)
Will    .....                   (no boots)
Stlth   ..........              (no amulet)
HPRegen 0.21/turn               i - ring of poison resistance
MPRegen 0.10/turn               n - +6 ring of dexterity

@: about to teleport
A: horns 2, retaliatory headbutt
a: Renounce Religion


You were on level 6 of the Dungeon.
You worshipped Vehumet.
Vehumet was pleased with you.
You visited 1 branch of the dungeon, and saw 6 of its levels.

You collected 312 gold pieces.

Inventory:

Hand Weapons
 a - a +0 war axe (weapon)
 A - a +0 falchion of freezing
Armour
 b - a +0 scale mail (worn)
 c - a +0 buckler (worn)
Jewellery
 i - a ring of poison resistance (left hand)
 l - a +4 ring of evasion
 n - a +6 ring of dexterity (right hand)
 o - a +6 ring of dexterity
 r - a ring of protection from cold
Wands
 s - a wand of roots (11)
Scrolls
 e - a scroll of immolation {unknown}
 m - 2 scrolls of poison
 p - a scroll of fear
 q - a scroll of silence
 t - 2 scrolls of butterflies
 v - a scroll of blinking
 y - a scroll of enchant weapon {unknown}
Potions
 d - a potion of might
 g - 2 potions of lignification {unknown}
 h - 3 potions of curing
 j - a potion of cancellation {unknown}
 u - a potion of magic {unknown}
 w - 2 potions of mutation {unknown}
 x - a potion of flight {unknown}
 z - 2 potions of haste {unknown}


   Skills:
 + Level 6.4 Fighting
 + Level 8.5 Axes
 + Level 6.7 Armour
 + Level 2.3 Dodging
 + Level 1.0 Stealth
 + Level 5.5 Shields


You had 7 spell levels left.
You didn't know any spells.
Your spell library contained the following spells:

 Spells                   Type           Power      Damage    Failure   Level
 Sandblast                Erth           0%         2d4       86%         1
 Freeze                   Ice            0%         1d3       86%         1
 Blink                    Tloc           0%         N/A       94%         2
 Scorch                   Fire           0%         2d5       94%         2
 Confusing Touch          Hex            0%         N/A       99%         3
 Frozen Ramparts          Ice            0%         1d1       99%         3
 Lesser Beckoning         Tloc           0%         N/A       99%         3
 Portal Projectile        Hex/Tloc       0%         N/A       99%         3
 Tukima's Dance           Hex            0%         N/A       99%         3
 Flame Wave               Conj/Fire      0%         2d4       100%        4
 Hailstorm                Conj/Ice       0%         3d3       100%        4
 Blade Hands              Tmut           0%         N/A       100%        5
 Manifold Assault         Tloc           0%         N/A       100%        5
 Yara's Violent Unravell  Hex/Tmut       0%         3d3       100%        5
 Summon Cactus Giant      Summ           0%         N/A       100%        6
 Enfeeble                 Hex            0%         N/A       100%        7


Dungeon Overview and Level Annotations

Branches:
Dungeon (6/15)             Temple (0/1) D:6

Altars:
Fedhas
Nemelex Xobeh
Sif Muna
Vehumet

Annotations:
D:6 Grinder


Innate Abilities, Weirdness & Mutations

You have a pair of horns on your head.
You reflexively headbutt those who attack you in melee.


Message History

The orc wizard casts a spell.
The orc wizard flickers and vanishes!
Deactivating autopickup; reactivate with Ctrl-A.
You hear a shout!
Found a sparkling altar of Nemelex Xobeh.
You closely miss something. Something hits you.
An orc comes into view. It is wielding a +0 hand axe.
The orc warrior unwields a +1 hand axe of draining.
The orc warrior wields a +0 arbalest.
The orc warrior shoots a bolt.
The bolt hits you!!
You barely miss something. Something hits you.
The orc warrior shoots a bolt.
The bolt completely misses you.
You closely miss something. Something hits you.
The centaur shoots an arrow.
The arrow hits you.
You barely miss something. Your headbutt misses something.
You closely miss the orc.
The centaur shoots an arrow.
The arrow misses you. The orc hits you with a +0 hand axe. Something hits you.
The orc warrior shoots a bolt.
The bolt hits you!
* * * LOW HITPOINT WARNING * * *
The centaur shoots an arrow.
You block the arrow. The orc closely misses you. Something hits you.
* * * LOW HITPOINT WARNING * * *
You start resting.
There are monsters nearby!
As you read the scroll of teleportation, it crumbles to dust.
You feel strangely unstable.
The orc warrior shoots a bolt.
The bolt closely misses you.
The centaur shoots an arrow.
The arrow barely misses you. You block the orc's attack.
Something hits you but does no damage.
The centaur shoots an arrow.
The arrow hits you but does no damage.
The centaur unwields a +0 shortbow.
The centaur wields a +1 vorpal falchion.
The centaur hits you with a +1 vorpal falchion.
* * * LOW HITPOINT WARNING * * *
x2 The centaur kicks you but does no damage.
The orc warrior shoots a bolt.
The centaur unwields a +1 vorpal falchion.
The centaur wields a +0 shortbow.
The centaur shoots an arrow.
The arrow misses you.
The orc warrior shoots a bolt.
The bolt hits you!!
You die...

#.##.............##.#
#.# #.......#.#
#....<<.# #.#
####......# #.#####.#
#.#
#...#######.......###.#
#(....# #.......####..#
#...#.# #.......# #.#.#
######.###.......#
##.##
#......).........# #..#
.....##.##@...÷...#
##.# ....
#.##....÷...#####.# ...
..##{c............# #.
.####o.##.##.#####.# #
.. #!.##.##.### #.# ..
...o##.o.....##†# ..#
####.#.........#.#
#.......##..#.#
...#..........#


You could see an orc warrior, a centaur and an orc.

Vanquished Creatures
  Prince Ribbit (D:6)
  Menkaure (D:6)
  2 water moccasins
  2 ogres
  A phantom (D:4)
  A scorpion (D:4)
  A necrophage (D:5)
  A howler monkey (D:5)
  2 jellies
  2 orc priests (D:5)
  2 hounds
  2 iguanas
  Natasha (thrice) (D:3)
  An orc wizard (D:4)
  A gnoll (D:1)
  5 adders
  A white imp (D:5)
  3 worms
  4 dart slugs
  3 orcs
  10 ball pythons
  6 endoplasms
  4 giant cockroaches
  10 goblins
  3 hobgoblins
  7 kobolds
  3 quokkas
  7 bats
  4 frilled lizards
  5 rats
98 creatures vanquished.

Notes
Turn   | Place    | Note
-------+----------+-------------------------------------------
     0 | D:1      | Ihaveafatcat the Minotaur Fighter began the quest for the
                  | Orb.
     0 | D:1      | Reached XP level 1. HP: 19/19 MP: 0/0
   114 | D:1      | Reached XP level 2. HP: 17/27 MP: 1/1
   522 | D:1      | Reached XP level 3. HP: 28/33 MP: 2/2
  1199 | D:2      | Found a blossoming altar of Fedhas.
  1251 | D:2      | Reached skill level 3 in Axes
  1416 | D:2      | Reached XP level 4. HP: 40/40 MP: 3/3
  1605 | D:2      | Found a faded altar of an unknown god.
  1652 | D:2      | Prayed at the altar of an unknown god.
  1652 | D:2      | Became a worshipper of Vehumet
  1652 | D:2      | Reached * piety under Vehumet
  1652 | D:2      | Offered knowledge of Freeze by Vehumet.
  1854 | D:3      | Reached skill level 4 in Axes
  2026 | D:3      | Noticed Natasha
  2034 | D:3      | Killed Natasha
  2035 | D:3      | Reached XP level 5. HP: 28/46 MP: 4/4
  2079 | D:3      | Noticed Natasha
  2085 | D:3      | Killed Natasha
  2124 | D:3      | Noticed Natasha
  2130 | D:3      | Killed Natasha
  2698 | D:4      | Noticed an ogre
  2705 | D:4      | Killed an ogre
  2706 | D:4      | Reached skill level 5 in Axes
  2706 | D:4      | Reached XP level 6. HP: 41/55 MP: 5/5
  2951 | D:4      | Found a shimmering blue altar of Sif Muna.
  2955 | D:4      | Reached skill level 1 in Dodging
  3042 | D:4      | Reached skill level 5 in Fighting
  3042 | D:4      | Reached skill level 5 in Armour
  3208 | D:4      | Reached skill level 6 in Axes
  3459 | D:4      | Reached ** piety under Vehumet
  3459 | D:4      | Offered knowledge of Sandblast by Vehumet.
  3465 | D:4      | Reached XP level 7. HP: 61/61 MP: 6/6
  3762 | D:5      | Entered Level 5 of the Dungeon
  3897 | D:5      | Reached skill level 5 in Shields
  4459 | D:5      | Reached skill level 7 in Axes
  4903 | D:6      | Found a staircase to the Ecumenical Temple.
  4989 | D:6      | Noticed Menkaure
  4996 | D:6      | Killed Menkaure
  4996 | D:6      | Noticed Prince Ribbit
  4996 | D:6      | Noticed Grinder
  4997 | D:6      | Reached XP level 8. HP: 18/70 MP: 7/7
  5404 | D:6      | Killed Prince Ribbit
  5405 | D:6      | Reached skill level 8 in Axes
  5405 | D:6      | Reached skill level 1 in Stealth
  5628 | D:6      | Found a sparkling altar of Nemelex Xobeh.
  5636 | D:6      | Shot with a bolt by an orc warrior

Illustrated notes

Levels and vault maps discovered:
D:1:      psy_arrival_conway, layout_basic, minmay_heptomino_w4
D:2:      layout_rooms, nicolae_ecumenical_snake_handling, basic_altar,
          grunt_ministairs_9, hangedman_abyss_or_decor_stabs
D:3:      layout_basic, kennysheep_generic_room_9, uniq_natasha
D:4:      layout_basic, kennysheep_orc_sif_temple, serial_rivers,
          chequers_serial_rivers_small_3, chequers_serial_rivers_room_b,
          chequers_serial_rivers_micro_e, chequers_serial_rivers_room_a,
          chequers_serial_rivers_marsh
D:5:      layout_basic
D:6:      layout_loops_cross, nicolae_tso_besieged_by_evil,
          lemuel_crystal_altar, minmay_temple_entry_stoned_glass, uniq_menkaure,
          uniq_prince_ribbit1, uniq_maggie, uniq_grinder

Skill      XL: |  1  2  3  4  5  6  7  8 |
---------------+-------------------------+-----
Shields        | 4 5 |  5.5
Armour         | 4 5 6 |  6.7
Axes           | 3 4 5 6 7 8 |  8.5
Fighting       | 4 5 6 |  6.4
Dodging        | 1 2 |  2.3
Stealth        | 1 |  1.0

Action                   |  1- 3 |  4- 6 |  7- 9 || total
-------------------------+-------+-------+-------++-------
Melee: War axe           |    81 |   107 |    72 ||   260
       Headbutt          |    16 |    16 |    11 ||    43
  Use: Scroll            |       |       |    11 ||    11
       Potion            |       |       |     1 ||     1
Armor: Scale mail        |    52 |    39 |    23 ||   114
Dodge: Dodged            |    32 |    49 |    46 ||   127
Block: Buckler           |    17 |    24 |    31 ||    72
